Map: Deathaura LE

Players

Van (Vanya)

  • Race: Zerg Zerg
  • League: Master
  • Spawn Location: 11:00

MarineLorD - Winner!

  • Race: Terran Terran
  • League: Master
  • Spawn Location: 5:00

Event: DreamHack SC2 Masters 2020 Fall

VOD

Have the link to the VOD?

Description

Time

  • Played on: Sept. 9, 2020, 11:10 a.m.
  • Length: 3:56

All games in this series

Show
View Real Time Build Order
Export as new Build Order

Van Zerg 

Build Orders: Hatch First 

Get SALT Encoding   

  12  0:00  Drone  
  13  0:12  Overlord  
  13  0:16  Drone  
  14  0:30  Drone x2  
  16  0:47  Hatchery  
  15  0:50  Drone  
  15  0:54  Drone  
  17  0:57  Drone  
  18  1:08  Extractor  
  17  1:12  Spawning Pool  
  17  1:15  Drone  
  17  1:19  Drone  
  18  1:28  Drone  
  19  1:38  Drone  
  20  1:50  Overlord  
  20  2:00  Queen x2, Zergling x2  
  20  2:01  Zergling x2  
  26  2:13  Spine Crawler, Zergling x4  
  26  2:16  Metabolic Boost  
  27  2:22  Zergling x2  
  27  2:23  Zergling x2  
  28  2:31  Zergling x2  
  28  2:41  Zergling x2  
  28  2:48  Zergling x4  
  30  2:54  Zergling x4  
  30  3:05  Baneling Nest, Zergling x4  
  31  3:32  Overlord x2  
  31  3:36  Overlord  
Show
View Real Time Build Order
Export as new Build Order

MarineLorD Terran - Winner!

Build Orders:  

Get SALT Encoding   

  12  0:00  SCV  
  13  0:12  SCV  
  14  0:17  Supply Depot  
  14  0:24  SCV  
  15  0:39  Barracks  
  15  0:52  Barracks  
  15  1:04  Barracks  
  15  1:07  SCV  
  16  1:25  Orbital Command, Marine  
  17  1:34  Supply Depot  
  17  1:39  Marine  
  18  1:43  Marine  
  19  1:50  Marine  
  19  1:51  SCV  
  21  1:56  Marine  
  21  2:01  Marine  
  23  2:08  Bunker, Marine  
  24  2:14  Marine  
  25  2:18  Marine  
  25  2:22  SCV  
  27  2:26  Marine  
  28  2:32  Marine  
  28  2:33  Supply Depot  
  28  2:36  SCV, Marine  
  31  2:55  SCV, Marine x3  
  35  3:04  Supply Depot  
  35  3:08  SCV  
  36  3:12  Marine x3  
  39  3:25  SCV  
  40  3:30  Marine x3  
  42  3:38  SCV  

Tags
 
Add a new tag
Caveats
  • Supply blocks, unpowered buildings, or Contaminate may cause inaccurate times.
  • Supply counts are checked every 10 seconds.